APL (24 & UNDER)
SAVANNAH HOGS @ NASHUA REDLEGS
06/30/2027
 
TOP OF THE 1ST
Savannah Hogs batting - Pitching for Nashua Redlegs : RHP Carlos Rodríguez
Pitching: RHP Carlos Rodríguez
Batting: LHB Marv Alexander 0-0: Called Strike
0-1: Swinging Strike
0-2: Ball
1-2: Foul Ball, location: 2F
1-2: Ball
2-2: Foul Ball, location: 2F
2-2: Foul Ball, location: 2F
2-2: Foul Ball, location: 2F
2-2: SINGLE (Groundball, 4MD)
Batting: RHB Ignacio Rangel 0-0: Ball
1-0: Called Strike
1-1: Ball
2-1: Foul Ball, location: 2F
2-2: SINGLE (Flyball, 89S)
Marv Alexander to second
Runner from 2nd tries for 3rd, SAFE, no throw
Batting: LHB Manny Hernández 0-0: Called Strike
0-1: Called Strike
0-2: Ball
1-2: Fly out, F6 (Popup, 6)
Batting: RHB Sergio Moreno 0-0: Ball
1-0: Called Strike
1-1: Ball
2-1: Ball
3-1: Called Strike
3-2: SINGLE (Line Drive, 6D)
Marv Alexander scores
Ignacio Rangel to second
Batting: RHB Remi Eruzione 0-0: Called Strike
0-1: Ball
1-1: Ball
2-1: Swinging Strike
2-2: Strikes out swinging
Batting: LHB Pedro Medine 0-0: Called Strike
0-1: Ball
1-1: Ball
2-1: Called Strike
2-2: Ball
3-2: Base on Balls
Ignacio Rangel to third
Sergio Moreno to second
Batting: LHB Ivan Costello 0-0: Foul Ball, location: 2F
0-1: SINGLE (Line Drive, 3)
Ignacio Rangel scores
Sergio Moreno to third
Pedro Medine to second
Runner from 3rd tries for Home, SAFE, throw made home
Batting: RHB Anastasio Movonda 0-0: Ball
1-0: Ball
2-0: Foul Ball, location: 2F
2-1: Called Strike
2-2: Ball
3-2: Foul Ball, location: 2F
3-2: Foul Ball, location: 2F
3-2: Base on Balls
Pedro Medine to third
Ivan Costello to second
Batting: RHB Ernesto Gómez 0-0: Foul Ball, location: 2F
0-1: Foul Ball, location: 2F
0-2: Foul Ball, location: 2F
0-2: Strikes out swinging
Top of the 1st over - 3 run(s), 4 hit(s), 0 error(s), 3 left on base; Savannah 3 - Nashua 0
BOTTOM OF THE 1ST
Nashua Redlegs batting - Pitching for Savannah Hogs : RHP Danny Lee
Pitching: RHP Danny Lee
Batting: RHB António López 0-0: Called Strike
0-1: Ball
1-1: SINGLE (Flyball, 89S)
Batting: RHB Spencer Pritchett 0-0: Called Strike
0-1: Ball
1-1: Foul Ball, location: 2F
1-2: Ball
2-2: Ball
3-2: SINGLE (Flyball, 8RS)
António López to second
Runner from 2nd tries for 3rd, SAFE, no throw
Batting: RHB Currito Campos 0-0: Ball
1-0: Ball
2-0: Ball
3-0: Called Strike
3-1: Called Strike
3-2: Strikes out swinging
Batting: RHB Eleuterio Supardo 0-0: Called Strike
Spencer Pritchett is caught stealing 2nd base
0-1: Ball
1-1: Foul Ball, location: 2F
1-2: Foul Ball, location: 2F
1-2: Ball
2-2: Ball
3-2: Strikes out swinging, 2-3 out at first.
Bottom of the 1st over - 0 run(s), 2 hit(s), 0 error(s), 1 left on base; Savannah 3 - Nashua 0
TOP OF THE 2ND
Savannah Hogs batting - Pitching for Nashua Redlegs : RHP Carlos Rodríguez
Batting: LHB Marv Alexander 0-0: Called Strike
0-1: Foul Ball, location: 2F
0-2: Ground out 1-3 (Groundball, 13)
Batting: RHB Ignacio Rangel 0-0: Ball
1-0: Ball
2-0: Ball
3-0: Called Strike
3-1: Ground out 6-3 (Groundball, 6)
Pitching: RHP Raúl García
Batting: LHB Manny Hernández 0-0: Ball
1-0: Ball
2-0: Called Strike
2-1: Ball
3-1: Ground out 4-3 (Groundball, 34D)
Top of the 2nd over - 0 run(s), 0 hit(s), 0 error(s), 0 left on base; Savannah 3 - Nashua 0
BOTTOM OF THE 2ND
Nashua Redlegs batting - Pitching for Savannah Hogs : RHP Danny Lee
Batting: RHB Joe Noble 0-0: Ground out 4-3 (Groundball, 4)
Batting: RHB Jorge Valenzuela 0-0: SINGLE (Groundball, 56S) (infield hit)
Batting: RHB José García 0-0: Foul Ball, location: 2F
0-1: Swinging Strike
0-2: Ball
1-2: SINGLE (Groundball, 34D)
Jorge Valenzuela to second
Runner from 2nd tries for 3rd, SAFE, no throw
Batting: RHB José Zumaya 0-0: Foul Ball, location: 2F
0-1: Ball
1-1: Foul Ball, location: 2F
1-2: Foul Ball, location: 2F
1-2: Ball
2-2: Ball
3-2: Foul Ball, location: 2F
3-2: Ground out 5-3 (Groundball, 56S)
Jorge Valenzuela scores
José García to second
Batting: RHB Katsuhito Ohayashi 0-0: Called Strike
0-1: Fly out, F7 (Line Drive, 7)
Bottom of the 2nd over - 1 run(s), 2 hit(s), 0 error(s), 1 left on base; Savannah 3 - Nashua 1
TOP OF THE 3RD
Savannah Hogs batting - Pitching for Nashua Redlegs : RHP Raúl García
Batting: RHB Sergio Moreno 0-0: Ball
1-0: Ball
2-0: Ball
3-0: Called Strike
3-1: Reached on error, E6 (Groundball, 6)
Batting: RHB Remi Eruzione 0-0: Ball
1-0: Ball
2-0: Called Strike
2-1: Ball
3-1: Base on Balls
Sergio Moreno to second
Batting: LHB Pedro Medine 0-0: Foul Ball, location: 2F
0-1: Ball
1-1: Fly out, F8 (Flyball, 78S)
Batting: LHB Ivan Costello 0-0: Ball
1-0: Called Strike
1-1: SINGLE (Groundball, 5D)
Sergio Moreno to third
Remi Eruzione to second
Runner from 3rd tries for Home, SAFE, throw made home
Batting: RHB Anastasio Movonda 0-0: Ball
1-0: Ball
2-0: Ball
3-0: Swinging Strike
3-1: Swinging Strike
3-2: Foul Ball, location: 2F
3-2: Foul Ball, location: 2F
3-2: Foul Ball, location: 2F
3-2: Foul Ball, location: 2F
3-2: Strikes out looking
Pitching: RHP Jason Spencer
Batting: RHB Ernesto Gómez 0-0: Ball
1-0: SINGLE (Line Drive, 7LM)
Remi Eruzione to third
Ivan Costello to second
Runner from 3rd tries for Home, throw and OUT!
Top of the 3rd over - 1 run(s), 2 hit(s), 1 error(s), 2 left on base; Savannah 4 - Nashua 1
BOTTOM OF THE 3RD
Nashua Redlegs batting - Pitching for Savannah Hogs : RHP Danny Lee
Batting: RHB António López 0-0: Called Strike
0-1: Ball
1-1: Ball
2-1: Foul Ball, location: 2F
2-2: Foul Ball, location: 2F
2-2: Foul Ball, location: 2F
2-2: Ball
3-2: Base on Balls
Batting: RHB Spencer Pritchett 0-0: Ball
António López is caught stealing 2nd base
1-0: Ball
2-0: Ball
3-0: Base on Balls
Batting: RHB Currito Campos 0-0: Called Strike
0-1: Ball
1-1: Ball
2-1: Foul Ball, location: 2F
2-2: Foul Ball, location: 2F
2-2: DOUBLE (Line Drive, 78M)
Spencer Pritchett to third
Batting: RHB Eleuterio Supardo 0-0: Swinging Strike
0-1: Called Strike
0-2: Hit by Pitch
Batting: RHB Joe Noble 0-0: SINGLE (Groundball, 56S) (infield hit)
Spencer Pritchett scores
Currito Campos to third
Eleuterio Supardo to second
Batting: RHB Jorge Valenzuela 0-0: Foul Ball, location: 2F
0-1: Ball
1-1: Fly out, F9 (Flyball, 9)
Batting: RHB José García 0-0: Called Strike
0-1: Foul Ball, location: 2F
0-2: Ball
1-2: Strikes out looking
Bottom of the 3rd over - 1 run(s), 2 hit(s), 0 error(s), 3 left on base; Savannah 4 - Nashua 2
TOP OF THE 4TH
Savannah Hogs batting - Pitching for Nashua Redlegs : RHP Jason Spencer
Batting: LHB Marv Alexander 0-0: Ball
1-0: Ball
2-0: Called Strike
2-1: Ball
3-1: Base on Balls
Batting: RHB Ignacio Rangel 0-0: SINGLE (Line Drive, 7LS)
Marv Alexander to second
Batting: LHB Manny Hernández 0-0: Called Strike
Marv Alexander steals 3rd base
Ignacio Rangel to second
0-1: Ball
1-1: Ball
2-1: Swinging Strike
2-2: Foul Ball, location: 2F
2-2: Foul Ball, location: 2F
2-2: Strikes out swinging
Batting: RHB Sergio Moreno 0-0: Ball
1-0: Ball
2-0: Ball
3-0: Called Strike
3-1: Base on Balls
Batting: RHB Remi Eruzione 0-0: Ground out 5-3 (Groundball, 56S)
Marv Alexander scores
Ignacio Rangel to third
Sergio Moreno to second
Batting: LHB Pedro Medine 0-0: Called Strike
0-1: Ball
1-1: Ball
2-1: Ball
3-1: Base on Balls
Batting: LHB Ivan Costello 0-0: Swinging Strike
0-1: Foul Ball, location: 2F
0-2: Foul Ball, location: 2F
0-2: Ball
1-2: Ball
2-2: Foul Ball, location: 2F
2-2: Strikes out swinging
Top of the 4th over - 1 run(s), 1 hit(s), 0 error(s), 3 left on base; Savannah 5 - Nashua 2
BOTTOM OF THE 4TH
Nashua Redlegs batting - Pitching for Savannah Hogs : RHP Danny Lee
Batting: RHB José Zumaya 0-0: Fly out, F8 (Flyball, 8LS)
Batting: RHB Katsuhito Ohayashi 0-0: Foul Ball, location: 2F
0-1: SINGLE (Line Drive, 6MD)
Batting: RHB António López 0-0: Swinging Strike
0-1: Called Strike
0-2: Ball
1-2: Strikes out swinging
Batting: RHB Spencer Pritchett 0-0: Called Strike
0-1: Ball
1-1: Ball
2-1: Fly out, F9 (Flyball, 9)
Bottom of the 4th over - 0 run(s), 1 hit(s), 0 error(s), 1 left on base; Savannah 5 - Nashua 2
TOP OF THE 5TH
Savannah Hogs batting - Pitching for Nashua Redlegs : RHP Jason Spencer
Batting: RHB Anastasio Movonda 0-0: Swinging Strike
0-1: Called Strike
0-2: Strikes out swinging
Batting: RHB Ernesto Gómez 0-0: Ball
1-0: SINGLE (Groundball, 6D)
Batting: LHB Marv Alexander 0-0: Ball
Wild Pitch!
Ernesto Gómez to second
1-0: Called Strike
1-1: Called Strike
1-2: Strikes out swinging
Pitching: RHP José Rivas
Batting: RHB Ignacio Rangel 0-0: Ball
1-0: Foul Ball, location: 2F
1-1: Ground out 6-3 (Groundball, 56)
Top of the 5th over - 0 run(s), 1 hit(s), 0 error(s), 1 left on base; Savannah 5 - Nashua 2
BOTTOM OF THE 5TH
Nashua Redlegs batting - Pitching for Savannah Hogs : RHP Danny Lee
Batting: RHB Currito Campos 0-0: Ball
1-0: Called Strike
1-1: Called Strike
1-2: Ball
2-2: Strikes out swinging
Batting: RHB Eleuterio Supardo 0-0: Ball
1-0: Ball
2-0: Ball
3-0: SINGLE (Groundball, 34D)
Pitching: LHP Roberto Barrón
Batting: RHB Joe Noble 0-0: Grounds into double play, 6-4-3 (Groundball, 56)
Bottom of the 5th over - 0 run(s), 1 hit(s), 0 error(s), 0 left on base; Savannah 5 - Nashua 2
TOP OF THE 6TH
Savannah Hogs batting - Pitching for Nashua Redlegs : RHP José Rivas
Batting: LHB Manny Hernández 0-0: Ball
1-0: Ball
2-0: Foul Ball, location: 2F
2-1: Swinging Strike
2-2: Ball
3-2: Ground out 4-3 (Groundball, 34D)
Batting: RHB Sergio Moreno 0-0: Ball
1-0: Ball
2-0: SINGLE (Line Drive, 78S)
Batting: RHB Remi Eruzione 0-0: SINGLE (Groundball, 6MD)
Sergio Moreno to second
Batting: LHB Pedro Medine 0-0: Foul Ball, location: 2F
0-1: Swinging Strike
0-2: Ball
1-2: Ball
2-2: SINGLE (Groundball, 34) (infield hit)
Sergio Moreno to third
Remi Eruzione to second
Batting: LHB Ivan Costello 0-0: Swinging Strike
0-1: Swinging Strike
0-2: Ball
1-2: Foul Ball, location: 2F
1-2: Fly out, F8 (Flyball, 8RM)
Runner from 3rd tags up, SCORES, throw made
Batting: RHB Anastasio Movonda 0-0: Foul Ball, location: 2F
0-1: Swinging Strike
0-2: Fly out, F9 (Flyball, 89S)
Top of the 6th over - 1 run(s), 3 hit(s), 0 error(s), 2 left on base; Savannah 6 - Nashua 2
BOTTOM OF THE 6TH
Nashua Redlegs batting - Pitching for Savannah Hogs : LHP Roberto Barrón
Batting: RHB Jorge Valenzuela 0-0: Called Strike
0-1: SINGLE (Flyball, 9S)
Batting: RHB José García 0-0: Ball
1-0: Ball
2-0: SINGLE (Groundball, 4D)
Jorge Valenzuela to second
Runner from 2nd tries for 3rd, SAFE, throw made to third
Batting: RHB José Zumaya 0-0: Ball
1-0: Ball
2-0: Foul Ball, location: 2F
2-1: Swinging Strike
2-2: Strikes out swinging
Batting: RHB Katsuhito Ohayashi 0-0: Swinging Strike
0-1: Ball
1-1: Called Strike
1-2: Strikes out swinging
Batting: RHB António López Pickoff Throw to First - Error! E1
Jorge Valenzuela scores
José García to second
0-0: Called Strike
0-1: Swinging Strike
0-2: Strikes out swinging
Bottom of the 6th over - 1 run(s), 2 hit(s), 1 error(s), 1 left on base; Savannah 6 - Nashua 3
TOP OF THE 7TH
Savannah Hogs batting - Pitching for Nashua Redlegs : RHP José Rivas
Batting: RHB Ernesto Gómez 0-0: Fly out, F8 (Flyball, 8RS)
Batting: LHB Marv Alexander 0-0: Ball
1-0: Called Strike
1-1: Swinging Strike
1-2: Ball
2-2: Fly out, F8 (Flyball, 78M)
Batting: RHB Ignacio Rangel 0-0: Called Strike
0-1: Foul Ball, location: 2F
0-2: Ball
1-2: Foul Ball, location: 2F
1-2: TRIPLE (Line Drive, 8RD)
Batting: LHB Manny Hernández 0-0: Swinging Strike
0-1: SINGLE (Line Drive, 8RS)
Ignacio Rangel scores
Batting: RHB Sergio Moreno 0-0: Called Strike
0-1: Ball
1-1: Ball
2-1: Swinging Strike
2-2: Ball
3-2: Base on Balls
Manny Hernández to second
Pitching: RHP Raúl Vallejo
Batting: RHB Remi Eruzione 0-0: Foul Ball, location: 2F
0-1: Called Strike
0-2: Ball
1-2: Fly out, F4 (Popup, 34D)
Top of the 7th over - 1 run(s), 2 hit(s), 0 error(s), 2 left on base; Savannah 7 - Nashua 3
BOTTOM OF THE 7TH
Nashua Redlegs batting - Pitching for Savannah Hogs : LHP Roberto Barrón
Batting: RHB Spencer Pritchett 0-0: Foul Ball, location: 2F
0-1: Ball
1-1: Fly out, F6 (Popup, 6D)
Batting: RHB Currito Campos 0-0: Called Strike
0-1: Ball
1-1: Ball
2-1: Ball
3-1: Base on Balls
Batting: RHB Eleuterio Supardo 0-0: Called Strike
0-1: Grounds into double play, 4-6-3 (Groundball, 4)
Bottom of the 7th over - 0 run(s), 0 hit(s), 0 error(s), 0 left on base; Savannah 7 - Nashua 3
TOP OF THE 8TH
Savannah Hogs batting - Pitching for Nashua Redlegs : RHP Raúl Vallejo
Batting: LHB Pedro Medine 0-0: Called Strike
0-1: Ball
1-1: Swinging Strike
1-2: SINGLE (Line Drive, 6D)
Batting: LHB Ivan Costello 0-0: Bunted foul
0-1: Sac Bunt - play at first, batter OUT! 1-4
Pedro Medine to second
Batting: RHB Anastasio Movonda 0-0: Intentional Walk
Batting: RHB Ernesto Gómez 0-0: Foul Ball, location: 2F
0-1: Foul Ball, location: 2F
0-2: Ball
1-2: SINGLE (Line Drive, 6D)
Pedro Medine to third
Anastasio Movonda to second
Batting: LHB Marv Alexander 0-0: Fielders Choice at 2nd, 3-6 (Groundball, 34)
Pedro Medine scores
Anastasio Movonda to third
Batting: RHB Ignacio Rangel 0-0: Ball
1-0: Fly out, F4 (Line Drive, 34)
Top of the 8th over - 1 run(s), 2 hit(s), 0 error(s), 2 left on base; Savannah 8 - Nashua 3
BOTTOM OF THE 8TH
Nashua Redlegs batting - Pitching for Savannah Hogs : LHP Roberto Barrón
Batting: RHB Joe Noble 0-0: Ball
1-0: Swinging Strike
1-1: Ball
2-1: Ball
3-1: Ground out 4-3 (Groundball, 4)
Batting: RHB Jorge Valenzuela 0-0: Ball
1-0: SINGLE (Groundball, 6MD)
Batting: RHB José García 0-0: Ball
1-0: Called Strike
1-1: Foul Ball, location: 2F
1-2: Ball
2-2: Strikes out swinging
Batting: RHB José Zumaya 0-0: Called Strike
0-1: Swinging Strike
0-2: Ball
1-2: Ball
2-2: Foul Ball, location: 2F
2-2: Strikes out swinging
Bottom of the 8th over - 0 run(s), 1 hit(s), 0 error(s), 1 left on base; Savannah 8 - Nashua 3
TOP OF THE 9TH
Savannah Hogs batting - Pitching for Nashua Redlegs : RHP Raúl Vallejo
Batting: LHB Manny Hernández 0-0: Called Strike
0-1: Swinging Strike
0-2: Ball
1-2: Fly out, F8 (Flyball, 8RM)
Batting: RHB Sergio Moreno 0-0: SINGLE (Groundball, 6MD)
Batting: RHB Remi Eruzione 0-0: Foul Ball, location: 2F
0-1: Foul Ball, location: 2F
0-2: Ball
1-2: Foul Ball, location: 2F
1-2: Ball
2-2: Ball
3-2: Strikes out swinging
Batting: LHB Pedro Medine 0-0: Ball
1-0: Ground out U3 (Groundball, 3)
Top of the 9th over - 0 run(s), 1 hit(s), 0 error(s), 1 left on base; Savannah 8 - Nashua 3
BOTTOM OF THE 9TH
Nashua Redlegs batting - Pitching for Savannah Hogs : LHP Roberto Barrón
Batting: RHB Katsuhito Ohayashi 0-0: Ball
1-0: Ball
2-0: Ball
3-0: Called Strike
3-1: Swinging Strike
3-2: Base on Balls
Batting: RHB António López 0-0: Foul Ball, location: 2F
0-1: Foul Ball, location: 2F
0-2: Strikes out looking
Batting: RHB Spencer Pritchett Pickoff Throw to First - Out!
0-0: Ball
1-0: Ball
2-0: Ground out 4-3 (Groundball, 4)
Bottom of the 9th over - 0 run(s), 0 hit(s), 0 error(s), 0 left on base; Savannah 8 - Nashua 3
Thursday, March 30th, 2017 - OOTP Baseball 17.12 Build 75